 Dungeon Crawl Stone Soup version 0.30-a0-1124-g6e8f0f562f (webtiles) character file.

Game seed: 879658486861999039

21266 cheesebisquit the Earth Mage (level 12, -1/115 HPs)
             Began as a Grey Draconian Venom Mage on Apr 23, 2023.
             Was an Elder of Vehumet.
             Slain by a skeletal warrior
             ... wielding a +0 long sword
              (18 damage)
             ... on level 12 of the Dungeon.
             The game lasted 01:01:32 (17003 turns).

cheesebisquit the Earth Mage (DrVM)                Turns: 17003, Time: 01:01:32

Health: -1/115     AC: 19    Str: 10    XL:     12   Next: 52%
Magic:  22/25      EV: 12    Int: 31    God:    Vehumet [****..]
Gold:   63         SH:  0    Dex: 13    Spells: 10/29 levels left

rFire   + . .        m - +2 dagger (holy)
rCold   . . .        N - orb {light}
rNeg    . . .        (body armour unavailable)
rPois   .            u - +2 hat
rElec   .            d - +1 cloak
rCorr   .            l - +0 pair of gloves of Pan-Flutes {Harm rF+ Int+5}
SInv    .            y - +0 pair of boots
Will    .....        E - amulet of magic regeneration
Stlth   +            c - +6 ring of intelligence
HPRegen 0.39/turn    G - ring of wizardry
MPRegen 0.59/turn

%: harm (+30% outgoing, +20% incoming), wizardry (x1)
@: glowing
A: AC +13, amphibious, unfitting armour, cold-blooded
a: Renounce Religion


You were on level 12 of the Dungeon.
You worshipped Vehumet.
Vehumet was greatly pleased with you.
You visited 2 branches of the dungeon, and saw 14 of its levels.

You collected 722 gold pieces.
You spent 659 gold pieces at shops.

Inventory:

Hand Weapons
 m - a +2 dagger of holy wrath (weapon)
 L - a +0 morningstar
 V - a +2 glaive of flaming
Missiles
 h - 37 poisoned darts
 B - 5 boomerangs of dispersal
 D - 3 throwing nets
Armour
 d - a +1 cloak (worn)
 l - the +0 pair of gloves of Pan-Flutes (worn) {Harm rF+ Int+5}
   (You bought it in a shop on level 3 of the Dungeon)

   Int:       It affects your intelligence (+5).
   rF:        It protects you from fire.
   Harm:      It increases damage dealt and taken.
 u - a +2 hat (worn)
 y - a +0 pair of boots (worn)
 N - an orb of light (worn)
Magical Staves
 r - a staff of air
 Q - a staff of conjuration
Jewellery
 c - a +6 ring of intelligence (left hand)
 C - a ring of protection from fire
 E - an amulet of magic regeneration (around neck)
 G - a ring of wizardry (right hand)
 H - a +6 ring of dexterity
Wands
 s - a wand of mindburst (27)
 v - a wand of flame (40)
 F - a wand of charming (7)
 J - a wand of quicksilver (7)
 R - a wand of iceblast (6)
 U - a wand of digging (3)
 Y - a wand of polymorph (7)
Scrolls
 g - 9 scrolls of teleportation
 k - 4 scrolls of magic mapping
 n - 3 scrolls of vulnerability
 w - 3 scrolls of blinking
 x - 4 scrolls of immolation
 z - 2 scrolls of amnesia {unknown}
 A - a scroll of summoning {unknown}
 I - a scroll of poison
 O - a scroll of silence {unknown}
 P - 2 scrolls of fear {unknown}
Potions
 a - 3 potions of heal wounds
 b - 6 potions of brilliance
 f - 6 potions of curing
 i - 2 potions of lignification
 j - 6 potions of might
 o - 3 potions of invisibility
 p - 4 potions of mutation
 t - 6 potions of attraction
 K - a potion of ambrosia {unknown}
 M - 2 potions of flight
 S - a potion of haste {unknown}
 T - 2 potions of magic
 W - a potion of berserk rage {unknown}
 X - 2 potions of cancellation {unknown}


   Skills:
 + Level 13.4 Fighting
 - Level 1.7 Dodging
 - Level 1.7 Stealth
 + Level 9.4 Spellcasting
 - Level 1.0 Transmutations
 * Level 16.3 Earth Magic
 - Level 3.0 Poison Magic


You had 10 spell levels left.
You knew the following spells:

 Your Spells              Type           Power      Damage    Failure   Level
a - Sting                 Tmut/Pois      100%       1d8       1%          1
b - Stone Arrow           Conj/Erth      100%       3d13      1%          3
d - Shatter               Erth           43%        3d33*     38%         9
e - Sandblast             Erth           100%       2d20      0%          1
z - Lee's Rapid Deconstr  Erth           43%        3d21*     1%          5

Your spell library contained the following spells:

 Spells                   Type           Power      Damage    Failure   Level
 Irradiate                Conj/Tmut      8%         3d14      9%          5
 Magic Dart               Conj           56%        1d5       1%          1
 Cigotuvi's Dreadful Rot  Necr/Pois/Air  40%        N/A       1%          2
 Poisonous Vapours        Pois/Air       46%        N/A       1%          2
 Searing Ray              Conj           28%        2d5       1%          2
 Dazzling Flash           Conj/Hex       28%        N/A       1%          3
 Ignite Poison            Fire/Tmut/Pois 22%        N/A       1%          3
 Mephitic Cloud           Conj/Pois/Air  20%        N/A       1%          3
 Volatile Blastmotes      Fire/Tloc      28%        2d12      1%          3
 Olgreb's Toxic Radiance  Pois           33%        N/A       1%          4
 Call Imp                 Summ           28%        N/A       2%          2
 Ensorcelled Hibernation  Hex/Ice        28%        N/A       2%          2
 Lesser Beckoning         Tloc           28%        N/A       2%          2
 Gell's Gravitas          Tloc           14%        N/A       4%          3
 Teleport Other           Tloc           14%        N/A       4%          3
 Fulminant Prism          Conj/Hex       7%         3d7       4%          4
 Iskenderun's Mystic Bla  Conj/Tloc      14%        2d5       4%          4
 Fireball                 Conj/Fire      7%         3d5       11%         5
 Freezing Cloud           Conj/Ice/Air   7%         6-21      11%         5
 Iskenderun's Battlesphe  Conj           14%        2d7       11%         5
 Summon Lightning Spire   Summ/Air       14%        N/A       14%         4
 Agony                    Necr           14%        N/A       34%         5
 Metabolic Englaciation   Hex/Ice        7%         N/A       34%         5
 Silence                  Hex/Air        7%         N/A       34%         5
 Conjure Ball Lightning   Conj/Air       7%         3x3d6     43%         6
 Orb of Destruction       Conj           7%         9d6       90%         7
 Ozocubu's Refrigeration  Ice            7%         4d9       90%         7


Dungeon Overview and Level Annotations

Branches:
Dungeon (13/15)            Temple (1/1) D:6            Lair (0/5) D:8
    Orc (0/2) D:11
 Vaults: D:13-14

Altars:
Ashenzari
Cheibriados
Dithmenos
Elyvilon
Fedhas
Gozag
Hepliaklqana
Kikubaaqudgha
Makhleb
Nemelex Xobeh
Okawaru
Qazlal
Ru
Sif Muna
Trog
Uskayaw
Vehumet
Wu Jian
Xom
Yredelemnul
Zin
The Shining One

Shops:
D:3 [   D:6 *   D:8 *   D:12 ?

Annotations:
D:13 Sonja


Innate Abilities, Weirdness & Mutations

Your dull iron-grey scales are very hard. (AC +13)
You are amphibious.
You cannot fit into any form of body armour.
You are cold-blooded and may be slowed by cold attacks.


Message History

You see here a +0 arbalest of freezing.
There is a stone staircase leading down here.
Done exploring.
Done exploring.
Okay, then.
Done exploring.
There is a stone staircase leading down here.
You climb downwards.
Sonja shouts!
Found 21 gold pieces.
Found a stone staircase leading down.
There is a stone staircase leading up here.
The stone arrow misses the skeletal warrior.
The stone arrow hits the skeletal warrior.
The skeletal warrior is lightly damaged.
The skeletal warrior hits you with a +0 flail!
You climb upwards.
There is a stone staircase leading down here.
The stone arrow hits the skeletal warrior!!
The skeletal warrior is heavily damaged.
The skeletal warrior hits you with a +0 flail!
The skeletal warrior hits you with a +0 long sword!!
The stone arrow hits the skeletal warrior.
The skeletal warrior is heavily damaged.
The skeletal warrior hits you but does no damage.
The skeletal warrior hits you with a +0 long sword!
You are too injured to fight recklessly!
The skeletal warrior attacks as you move away!
The skeletal warrior hits you with a +0 flail.
The skeletal warrior attacks as you move away!
The skeletal warrior hits you with a +0 flail!
* * * LOW HITPOINT WARNING * * *
The skeletal warrior attacks as you move away!
The skeletal warrior hits you but does no damage.
You feel much better.
The skeletal warrior hits you with a +0 flail!!
* * * LOW HITPOINT WARNING * * *
The skeletal warrior closely misses you.
The skeletal warrior attacks as you move away!
The skeletal warrior hits you with a +0 long sword!
You die...

######..###################...###
..........)......................
.........................).......
........................#########
#.####################..# #.#
#..# #.# #..#########
#.####################....<......
................@z..∩............
#########........z..>............
#................########
#................#
#########................#
.........................########
.................................
..############.............######
..# #.............#


You could see 2 skeletal warriors.

Vanquished Creatures
  Erolcha (D:11)
  4 two-headed ogres
  7 death yaks (D:7)
  The ghost of Rudyous the Conjurer, a novice DsFE of Vehumet (D:8)
  A boulder beetle (D:12)
  A manticore (D:11)
  A cyclops (D:12)
  2 ugly things
  A gargoyle (D:12)
  Maggie (D:9)
  An unseen horror (D:12)
  A kobold demonologist (D:12)
  6 trolls
  2 shadows (D:10)
  3 wyverns
  3 wraiths
  Eustachio (D:6)
  2 water elementals (D:11)
  6 yaks (D:10)
  8 vampire mosquitoes
  4 steam dragons
  A water moccasin (D:4)
  4 ice beasts
  2 sky beasts
  3 black bears
  3 orc warriors (D:11)
  An ogre (D:6)
  3 centaurs (D:12)
  A phantom (D:6)
  2 kobold brigands
  4 bullfrogs
  2 gnoll sergeants
  A scorpion (D:7)
  10 wights
  18 killer bees
  4 electric eels
  5 howler monkeys
  9 hounds
  6 jellies
  11 orc priests
  3 sleepcaps
  2 iguanas
  Natasha (thrice) (D:3)
  12 orc wizards
  7 gnolls
  8 adders
  A shadow imp (D:8)
  3 white imps
  3 ufetubi
  2 worms
  42 orcs
  8 endoplasms
  3 giant cockroaches
  6 hobgoblins
  3 jackals (D:3)
  20 kobolds
  5 quokkas
  6 ball pythons
  10 bats
  4 frilled lizards
  14 goblins
  8 rats
  8 bushes (D:4)
328 creatures vanquished.

Vanquished Creatures (others)
  6 plants (D:4)
6 creatures vanquished.

Grand Total: 334 creatures vanquished

Notes
Turn   | Place    | Note
-------+----------+-------------------------------------------
     0 | D:1      | cheesebisquit the Draconian Venom Mage began the quest for
                  | the Orb.
     0 | D:1      | Reached XP level 1. HP: 14/14 MP: 3/3
    28 | D:1      | Reached skill level 1 in Fighting
   123 | D:1      | Reached XP level 2. HP: 24/24 MP: 0/5
   890 | D:1      | Found a faded altar of an unknown god.
   968 | D:1      | Reached XP level 3. HP: 31/31 MP: 1/6
  1953 | D:2      | Got Sif Muna's Elucidation of Apparitions and the Tundra
  2191 | D:3      | Noticed Natasha
  2198 | D:3      | Killed Natasha
  2199 | D:3      | Reached XP level 4. HP: 33/40 MP: 0/7
  2375 | D:3      | Noticed Natasha
  2384 | D:3      | Killed Natasha
  2398 | D:3      | Noticed Natasha
  2408 | D:3      | Killed Natasha
  2409 | D:3      | Reached skill level 5 in Fighting
  2409 | D:3      | Reached XP level 5. HP: 36/48 MP: 0/8
  2547 | D:3      | Got Idyfuj's Secrets of Petrified Incandescence
  2575 | D:3      | Found Necsoes's Antique Armour Boutique.
  3683 | D:3      | Reached XP level 6. HP: 40/58 MP: 0/9
  4251 | D:4      | Noticed a water moccasin
  4267 | D:4      | Killed a water moccasin
  4417 | D:4      | Your scales start taking on a dull iron-grey colour.
  4417 | D:4      | Reached XP level 7. HP: 68/68 MP: 2/10
  4501 | D:4      | Learned a level 3 spell: Stone Arrow
  4507 | D:4      | Learned a level 5 spell: Lee's Rapid Deconstruction
  6117 | D:5      | Entered Level 5 of the Dungeon
  6276 | D:5      | Reached skill level 1 in Earth Magic
  6498 | D:5      | Reached skill level 2 in Earth Magic
  6563 | D:5      | Noticed a steam dragon
  6602 | D:5      | Reached skill level 3 in Earth Magic
  6869 | D:5      | Killed a steam dragon
  6870 | D:5      | Reached skill level 4 in Earth Magic
  6884 | D:5      | Reached XP level 8. HP: 75/75 MP: 7/12
  7363 | D:5      | Reached skill level 5 in Earth Magic
  7687 | D:6      | Reached skill level 6 in Earth Magic
  7821 | D:6      | Found Gozag's Platinum Reserve.
  7825 | D:6      | Found an opulent altar of Gozag.
  7961 | D:6      | Found a bloodstained altar of Trog.
  7990 | D:6      | Found a staircase to the Ecumenical Temple.
  7999 | D:6      | Noticed Eustachio
  8031 | Temple   | Entered the Ecumenical Temple
  8148 | Temple   | Became a worshipper of Vehumet
  8203 | D:6      | Killed Eustachio
  8204 | D:6      | Reached skill level 7 in Earth Magic
  8346 | D:6      | Reached XP level 9. HP: 76/84 MP: 15/15
  8910 | D:6      | Reached skill level 8 in Earth Magic
  8973 | D:7      | Reached skill level 5 in Spellcasting
  9154 | D:7      | Learned a level 9 spell: Shatter
  9211 | D:7      | Reached * piety under Vehumet
  9211 | D:7      | Offered knowledge of Sandblast by Vehumet.
  9301 | D:7      | Reached skill level 9 in Earth Magic
  9340 | D:7      | Reached skill level 10 in Fighting
  9514 | D:8      | Found a transporter.
  9524 | D:8      | Noticed a death yak
  9531 | D:8      | Noticed a death yak
  9583 | D:8      | Noticed a cyan ugly thing
  9583 | D:8      | Noticed Rudyous's ghost (novice DsFE)
  9583 | D:8      | Found a transporter.
  9587 | D:8      | Noticed a death yak
  9587 | D:8      | Noticed a death yak
  9588 | D:8      | Noticed a death yak
  9588 | D:8      | Noticed a death yak
  9589 | D:8      | Noticed a death yak
  9721 | D:8      | Found Soscho's General Store.
  9763 | D:7      | Killed a death yak
  9764 | D:7      | Reached skill level 10 in Earth Magic
  9771 | D:7      | Killed a death yak
  9772 | D:7      | Reached XP level 10. HP: 51/94 MP: 15/19
  9776 | D:7      | Learned a level 1 spell: Sandblast
  9948 | D:7      | Killed a death yak
  9949 | D:7      | Reached skill level 11 in Earth Magic
 10261 | D:7      | Killed a death yak
 10262 | D:7      | Killed a death yak
 10553 | D:7      | Killed a death yak
 10554 | D:7      | Reached skill level 12 in Earth Magic
 10563 | D:7      | Killed a death yak
 10988 | D:8      | Bought a scroll of identify for 22 gold pieces
 10989 | D:8      | Found a staircase to the Lair.
 11116 | D:8      | Offered knowledge of Static Discharge by Vehumet.
 11238 | D:8      | Noticed a two-headed ogre
 11245 | D:8      | Killed a two-headed ogre
 11246 | D:8      | Reached XP level 11. HP: 85/103 MP: 7/22
 11298 | D:8      | Found a hazy altar of Hepliaklqana.
 11300 | D:8      | Found a white marble altar of Elyvilon.
 11372 | D:8      | Found a burning altar of Makhleb.
 11375 | D:8      | Found a broken altar of Ashenzari.
 11377 | D:8      | Found an ornate altar of the Wu Jian Council.
 11469 | D:9      | Reached ** piety under Vehumet
 11616 | D:9      | Reached skill level 13 in Earth Magic
 11663 | D:9      | Noticed Maggie
 11671 | D:9      | Killed Maggie
 11714 | D:9      | Noticed a two-headed ogre
 11719 | D:9      | Killed a two-headed ogre
 12431 | D:10     | Entered Level 10 of the Dungeon
 12667 | D:10     | Offered knowledge of Scorch by Vehumet.
 12814 | D:10     | Reached skill level 14 in Earth Magic
 12828 | D:10     | Reached *** piety under Vehumet
 13242 | D:10     | Found a shadowy altar of Dithmenos.
 13772 | D:10     | Offered knowledge of Airstrike by Vehumet.
 14326 | D:11     | Noticed Erolcha
 14328 | D:11     | Found a staircase to the Orcish Mines.
 14334 | D:11     | Killed Erolcha
 14424 | D:11     | Reached skill level 15 in Earth Magic
 14447 | D:11     | Reached **** piety under Vehumet
 14471 | D:11     | Reached XP level 12. HP: 113/113 MP: 11/24
 14797 | D:3      | Bought a pair of runed gloves for 195 gold pieces
 14797 | D:3      | Bought a pair of translucent gloves for 247 gold pieces
 14797 | D:3      | Identified the +0 pair of gloves of Pan-Flutes {Harm rF+
                  | Int+5} (You bought it in a shop on level 3 of the Dungeon)
 15275 | D:8      | Killed Rudyous's ghost
 15452 | D:3      | Bought a runed cloak for 195 gold pieces
 15707 | D:11     | Noticed a two-headed ogre
 15711 | D:11     | Killed a two-headed ogre
 16148 | D:12     | Offered knowledge of Irradiate by Vehumet.
 16202 | D:12     | Found Cithriar's Magic Scroll Boutique.
 16375 | D:12     | Noticed a two-headed ogre
 16378 | D:12     | Killed a two-headed ogre
 16379 | D:12     | Reached skill level 16 in Earth Magic
 16452 | D:12     | Noticed a boulder beetle
 16460 | D:12     | Killed a boulder beetle
 16992 | D:13     | Noticed Sonja
 17003 | D:12     | Slain by a skeletal warrior

Illustrated notes

Levels and vault maps discovered:
D:1:      spicycebolla_arrival_clurvy, layout_rooms,
          shapermc_ecumenical_altar_mp_ritualfount, minmay_split_cup_large
D:2:      layout_loops_ring
D:3:      layout_loops_cross, serial_shops, nicolae_shop_just_a_little_nook,
          minmay_goblin_outpost, uniq_natasha
D:4:      layout_cave_pools, lexackson_kobold_supper
D:5:      layout_basic, minmay_divided_ellipse
D:6:      layout_basic, nicolae_gozag_zags_fifth_avenue, bloody_trog,
          minmay_temple_entry_hall, st_stairs_11, uniq_eustachio
D:7:      layout_basic
D:8:      layout_rooms, nicolae_overflow_hidden_temple, dpeg_lair_monsters,
          gammafunk_ghost_arena, serial_shops, shop, kennysheep_generic_room_4
D:9:      layout_basic, uniq_maggie
D:10:     layout_rooms, lemuel_tele_altar, grunt_ministairs_9,
          nrook_mini_backslash
D:11:     layout_basic, erik_orc_4, item_on_display_b, uniq_erolcha
D:12:     layout_long_grid, serial_shops, shop
D:13:     layout_irregular_city, nzn_ghost_randoct, serial_shops,
          shop_fountains, nicolae_diode_basic, uniq_azrael, uniq_sonja,
          uniq_josephine
Temple:   compressed_dpeg_circular_temple

Skill      XL: |  1  2  3  4  5  6  7  8  9 10 11 12 |
---------------+-------------------------------------+-----
Fighting       | 1 3 4 5 6 8 9 10 11 12 13 | 13.4
Earth Magic    | 4 7 10 12 15 16 | 16.3
Spellcasting   | 3 4 6 7 8 9 |  9.4
Dodging        | |  1.7
Stealth        | |  1.7
Transmutations | |  1.0
Poison Magic   | |  3.0

Action                     |  1- 3 |  4- 6 |  7- 9 | 10-12 || total
---------------------------+-------+-------+-------+-------++-------
  Melee: Short sword       |    14 |       |       |       ||    14
         Unarmed           |     1 |       |       |       ||     1
         Dagger            |     7 |    54 |  1347 |   189 ||  1597
         Tailslap          |     3 |    12 |   421 |    53 ||   489
         Flail             |     1 |       |       |       ||     1
         Punch             |       |       |    32 |       ||    32
   Cast: Sting             |   102 |   140 |   263 |       ||   505
         Stone Arrow       |       |       |    60 |   287 ||   347
         Lee's Rapid Decon |       |       |       |     6 ||     6
    Use: Scroll            |       |       |    15 |     4 ||    19
         Potion            |       |       |     4 |     4 ||     8
 Armour: Skin              |    12 |    88 |   218 |   130 ||   448
  Dodge: Dodged            |    38 |   119 |   211 |   196 ||   564

Table legend: (Time is in decaauts)
 A = Elapsed time spent in this place.
 B = Non-inter-level travel time spent in this place.
 C = Inter-level travel time spent in this place.
 D = Time resting spent in this place.
 E = Time spent auto-exploring this place.
 F = Levels seen in this place.
 G = Mean time per level.
                   A        B        C        D        E       F      G
               +--------+--------+--------+--------+--------+-----+--------+
         Total |  17050 |  15443 |   1607 |   1025 |  10649 |  14 | 1217.9 |
       Dungeon |  16902 |  15345 |   1557 |   1025 |  10565 |  13 | 1300.2 |
        Temple |    147 |     97 |     50 |      0 |     84 |   1 |  147.0 |
               +--------+--------+--------+--------+--------+-----+--------+

Top non-repeatable levels by time:
     D:4: 2717 daAuts
    D:10: 1868 daAuts
     D:7: 1731 daAuts
     D:3: 1648 daAuts
     D:6: 1595 daAuts
     D:5: 1499 daAuts
     D:2: 1168 daAuts
     D:1: 1100 daAuts
     D:9: 1048 daAuts
    D:12: 886 daAuts
    D:11: 860 daAuts
     D:8: 776 daAuts
  Temple: 147 daAuts
    D:13: 2 daAuts
